 Dungeon Crawl Stone Soup version 0.22-a0-348-gd16d139 (webtiles) character file.

156177 b5mith the Warrior (level 17, -13/170 HPs)
             Began as a Minotaur Berserker on Apr 11, 2018.
             Was the Champion of Trog.
             Killed from afar by a starcursed mass (28 damage)
             ... with an accursed screaming
             ... while paralysed by accursed screaming
             ... on level 5 of the Abyss.
             The game lasted 01:55:25 (32991 turns).

b5mith the Warrior (Minotaur Berserker)            Turns: 32991, Time: 01:55:26

Health: -13/170    AC: 26    Str: 27    XL:     17   Next: 10%
Magic:  16/16      EV:  2    Int:  4    God:    Trog [******]
Gold:   1339       SH:  0    Dex: 12    Spells: 16/16 levels left

rFire    + . .     SeeInvis +   a - +6 great sword (slice)
rCold    . . .     Gourm    .   (shield currently unavailable)
rNeg     . . .     Faith    +   b - +3 leather armour of the Shining Light {rF+ Slay+5}
rPois    .         Spirit   .   R - +0 hat
rElec    +         Reflect  .   q - +2 cloak {+Inv}
rCorr    .         Harm     .   U - +2 pair of gloves
MR       ++...                  O - +2 pair of boots
Stlth    +++.......             A - amulet of faith
HPRegen  0.38/turn              s - ring of protection from magic
MPRegen  0.15/turn              o - +4 ring of protection

@: paralysed, lethally poisoned (-13 -> -21), about to teleport
A: retaliatory headbutt, hooves 1, horns 2, slimy green scales 1, thin metallic
scales 1, see invisible, electricity resistance, evolution 1
a: Berserk, Trog's Hand, Brothers in Arms, Renounce Religion, Evoke Invisibility


You were on level 5 of the Abyss.
You worshipped Trog.
Trog was exalted by your worship.
You were hungry.

You visited 4 branches of the dungeon, and saw 26 of its levels.
You visited the Abyss 1 time.

You collected 2627 gold pieces.
You spent 1288 gold pieces at shops.

Inventory:

Hand Weapons
 a - a +6 great sword of slicing (weapon)
   (Trog gifted it to you on level 12 of the Dungeon)
 z - a +2 great sword of freezing
   (Trog gifted it to you on level 2 of the Lair of Beasts)
 F - a +4 antimagic falchion
   (Trog gifted it to you on level 2 of the Elven Halls)
 S - a +3 antimagic long sword
   (Trog gifted it to you on level 1 of the Elven Halls)
Missiles
 D - 14 javelins of penetration (quivered)
Armour
 b - the +3 leather armour of the Shining Light (worn) {rF+ Slay+5}
   (You bought it in a shop on level 15 of the Dungeon)

   It affects your accuracy and damage with ranged weapons and melee attacks
   (+5).
   It protects you from fire.
 q - a +2 cloak of invisibility (worn)
   (You found it on level 6 of the Lair of Beasts)
 L - a +1 pair of gloves
   (You found it on level 5 of the Abyss)
 O - a +2 pair of boots (worn)
   (You found it on level 9 of the Dungeon)
 Q - a +2 chain mail of poison resistance
   (You took it off an orc priest on level 9 of the Dungeon)
 R - a +0 hat (worn)
   (You took it off Gastronok on level 9 of the Dungeon)
 U - a +2 pair of gloves (worn)
   (You found it on level 10 of the Dungeon)
Jewellery
 o - a +4 ring of protection (right hand)
   (You bought it in a shop on level 6 of the Dungeon)
 s - a ring of protection from magic (left hand)
   (You found it on level 3 of the Dungeon)
 A - an amulet of faith (around neck)
   (You found it on level 5 of the Dungeon)
 G - an uncursed ring of protection from fire
   (You found it on level 2 of the Dungeon)
 H - an uncursed amulet of harm
   (You found it on level 6 of the Dungeon)
 I - an uncursed ring of see invisible
   (You found it on level 6 of the Dungeon)
 V - a +2 ring of evasion
   (You found it on level 11 of the Dungeon)
Wands
 n - a wand of digging (30)
   (You found it on level 7 of the Dungeon)
 p - a wand of disintegration (33)
   (You found it on level 14 of the Dungeon)
 t - a wand of iceblast (46)
   (You found it on level 3 of the Dungeon)
 w - a wand of scattershot (5)
   (You found it on level 8 of the Dungeon)
 E - a wand of paralysis (26)
   (You took it off Maurice on level 8 of the Dungeon)
 K - a wand of flame (58)
   (You found it on level 8 of the Dungeon)
 N - a wand of polymorph (41)
   (You found it on level 8 of the Dungeon)
 P - a wand of random effects (53)
   (You took it off an orc on level 13 of the Dungeon)
Scrolls
 d - 2 scrolls of acquirement {unknown}
 e - 8 scrolls of teleportation
 g - 11 scrolls of identify {@r1}
 i - 8 scrolls of fog
 k - 15 scrolls of remove curse {@r2}
 r - a scroll of random uselessness {unknown}
 x - a scroll of silence {unknown}
 y - 4 scrolls of blinking
 C - a scroll of immolation
 X - a scroll of torment {unknown}
 Y - a scroll of vulnerability {unknown}
 Z - a scroll of summoning {unknown}
Potions
 f - 2 potions of magic
 h - 3 potions of ambrosia
 j - a potion of lignification {unknown}
 l - 2 potions of brilliance
 m - 14 potions of curing {@q1}
 u - 4 potions of agility
 v - 4 potions of berserk rage
 B - 7 potions of haste
 J - 3 potions of flight
 M - 3 potions of heal wounds
Miscellaneous
 T - a box of beasts
 W - a lamp of fire
   (You found it on level 11 of the Dungeon)
Comestibles
 c - 38 rations


   Skills:
 - Level 20.1 Fighting
 - Level 20.1 Long Blades
 + Level 14.3 Armour
 + Level 13.2 Dodging
 + Level 6.7 Stealth


You had 16 spell levels left.
You didn't know any spells.

Dungeon Overview and Level Annotations

Branches:
Dungeon (15/15)            Temple (0/1) D:6            Lair (6/6) D:8
 Shoals (0/4) Lair:4       Spider (0/4) Lair:2        Slime (0/5) Lair:6
    Orc (2/2) D:10            Elf (3/3) Orc:2        Vaults (0/5) D:14
 Depths (0/5) D:15

Altars:
Dithmenos
Elyvilon
Fedhas
Hepliaklqana
Qazlal
Sif Muna
Trog
Uskayaw
Vehumet
Zin
Jiyva

Shops:
D:6 }=:=   D:15 [   Orc:2 [*[=

Portals:
Trove: D:14 (show slimy rune of Zot)

Annotations:
D:10 exclusion: ice statue
D:14 exclusion: oklob plant


Innate Abilities, Weirdness & Mutations

You reflexively headbutt those who attack you in melee.
You have a pair of horns on your head.
You have large cloven feet.
You are partially covered in slimy green scales. (AC +2)
You are partially covered in thin metallic scales. (AC +2)
You have supernaturally acute eyesight. (SInv)
You are resistant to electric shocks. (rElec)
You evolve.


Message History

You feel strangely unstable.
You feel the power of the Abyss delaying your translocation!
A cacophony of accursed wailing tears at your sanity!
You suddenly lose the ability to move!
The starspawn tentacle barely misses you.
The raiju bites you. The raiju shocks you. You resist.
The green death gestures at you. The poison arrow hits you!
You are poisoned.
The raiju bites you. The raiju shocks you. You resist.
A starcursed mass splits.
A cacophony of accursed wailing tears at your sanity!
You shrug off the repeated paralysis!
The starspawn tentacle grabs you. The starspawn tentacle constricts you.
A starcursed mass splits.
The tentacled starspawn bites you!!
* * * LOW HITPOINT WARNING * * *
The tentacled starspawn engulfs you but does no damage.
You can move again.
You escape the starspawn tentacle's grasp.
You feel sick.
A starcursed mass splits.
The starcursed mass completely misses you.
You riposte.
You slice the starcursed mass!!
You destroy the starcursed mass!
Trog accepts your kill.
A starcursed mass splits. x2
The tentacled starspawn bites you but does no damage.
The tentacled starspawn engulfs you but does no damage.
You feel sick.
The starcursed mass engulfs you but does no damage.
The raiju closely misses you.
You feel sick.
A cacophony of accursed wailing tears at your sanity!
* * * LOW HITPOINT WARNING * * *
A starcursed mass splits. x3
You feel sick.
The starspawn tentacle closely misses you.
You riposte.
You hit the starspawn tentacle.
You headbutt the starspawn tentacle, but do no damage.
The starspawn tentacle is lightly damaged.
The raiju barely misses you.
A cacophony of accursed wailing tears at your sanity!
* * * LOW HITPOINT WARNING * * *
You suddenly lose the ability to move!
You feel sick. The starspawn tentacle grabs you.
* * * LOW HITPOINT WARNING * * *
The starspawn tentacle constricts you. The raiju bites you but does no damage.
The starspawn tentacle loses its grip on you.
The tentacle pulls you backwards!
A cacophony of accursed wailing tears at your sanity!
You die...

# # . ....... ##.
......... ## .. .. .
.......#. ..# .... .
##........ ..# #.
#.##.......# ..# ##
.##...........#.#
....x........XXX#.#
.............XX#.# #
..##.....X.XXh@##.. #
. ##..
..Xh2hh#w...... ...
......5XXX#<#.#.#.#
.......##.XXhw│##>#.#
##..##.##.G.X53──#.##
##.G##......X...#....
..5....†.......w##...
.. ............ ..#
..
...#.##...####.#...#


You could see 14 starcursed masses, a tentacled starspawn, a green death, a
shining eye, 5 raiju, 2 starspawn tentacles, a shadow imp and an ufetubus.

Vanquished Creatures
  A lich (Abyss:5)
  A deep elf blademaster (Elf:2)
  Gastronok (D:9)
  Agnes (D:14)
  Donald (Orc:2)
  3 deep elf sorcerers (Elf:3)
  A deep elf elementalist (Elf:2)
  2 entropy weavers (Lair:5)
  2 deep elf annihilators
  3 deep elf demonologists (Elf:3)
  Nessos (Orc:1)
  A deep elf death mage (Elf:2)
  Fannar (Lair:1)
  8 hydras
  Harold (D:10)
  4 vault guards (D:14)
  A catoblepas (Lair:6)
  Erica (D:9)
  8 centaur warriors
  23 dancing weapons
  6 death yaks
  10 two-headed ogres
  A queen ant (Lair:5)
  An orc high priest (Elf:1)
  Nergalle (D:13)
  8 deep elf knights
  A glowing orange brain (shapeshifter) (D:15)
  An unseen horror (D:13)
  3 wizards
  6 deep elf archers
  A necromancer (D:15)
  A wolf spider zombie (D:13)
  5 orc knights
  A lindwurm (Lair:6)
  A wolf spider (D:15)
  5 orc sorcerers
  20 ugly things
  35 deep elf magi
  9 manticores
  4 oklob plants
  A cyclops (D:11)
  8 elephants
  A merfolk siren (Lair:4)
  Psyche (D:9)
  3 black mambas
  Maurice (D:8)
  4 spiny frogs
  An apocalypse crab (Abyss:5)
  A naga mage (D:15)
  A gargoyle (D:15)
  A torpor snail (Lair:6)
  3 kobold demonologists
  4 rime drakes
  3 efreet
  3 komodo dragons
  A meliai (shapeshifter) (Abyss:5)
  3 meliai (D:14)
  15 trolls
  4 slime creatures (D:15)
  A raiju (Abyss:5)
  3 hornets
  9 blink frogs
  3 dream sheep (Lair:6)
  11 hippogriffs
  3 air elementals
  4 water elementals
  2 shadows
  4 wyverns
  2 vampires
  A ynoxinul (Abyss:4)
  A fire elemental (Elf:1)
  2 wraiths
  A human (D:9)
  33 yaks
  2 basilisks
  3 hogs (D:9)
  3 vampire mosquitoes (D:15)
  Grum (Lair:1)
  A two-headed ogre zombie (D:10)
  A warg (Orc:1)
  An acid dragon (D:10)
  17 soldier ants (Lair:5)
  12 porcupines
  A hornet zombie (D:14)
  8 water moccasins
  2 black bears
  An ice beast (D:13)
  11 sky beasts
  3 eyes of draining
  5 phantoms
  30 orc warriors
  A necrophage (D:13)
  8 wolves
  A boggart (shapeshifter) (Elf:1)
  A starcursed mass (Abyss:5)
  12 ogres
  23 centaurs
  4 big kobolds
  12 crocodiles
  Blork the orc (D:4)
  17 bullfrogs
  2 earth elementals
  A troll zombie (D:10)
  3 scorpions
  4 killer bees (D:10)
  19 wights
  3 electric eels (D:12)
  11 howler monkeys
  6 crimson imps
  2 bullfrog zombies
  A centaur zombie (D:9)
  6 hounds
  24 orc wizards
  2 bullfrog skeletons
  A gnoll shaman (D:4)
  3 jellies
  11 orc priests
  9 centaur skeletons
  5 iguanas
  Jessica (D:3)
  18 worker ants
  5 ogre zombies (D:10)
  2 hound skeletons (D:7)
  6 gnolls
  A howler monkey skeleton (D:6)
  11 adders
  A river rat (D:8)
  3 shadow imps
  An ooze (D:5)
  An adder zombie (D:8)
  An adder skeleton (D:7)
  2 worms
  2 dart slugs (D:1)
  3 leopard geckos
  66 orcs
  4 bats
  5 giant cockroaches
  14 goblins
  8 hobgoblins
  6 jackals (D:1)
  3 quokkas
  2 ball pythons
  2 frilled lizards
  3 goblin skeletons (D:10)
  3 goblin zombies (D:10)
  4 hobgoblin skeletons (D:10)
  4 hobgoblin zombies (D:10)
  6 kobolds
  11 orc zombies (D:10)
  4 rats
  A bush (Lair:6)
  4 plants
  A starspawn tentacle (Abyss:5)
828 creatures vanquished.

Vanquished Creatures (others)
  6 fungi
  4 plants
  A starspawn tentacle (Abyss:5)
11 creatures vanquished.

Grand Total: 839 creatures vanquished

Notes
Turn   | Place    | Note
-------+----------+-------------------------------------------
     0 | D:1      | b5mith the Minotaur Berserker began the quest for the Orb.
     0 | D:1      | Reached XP level 1. HP: 19/19 MP: 0/0
   134 | D:1      | Reached XP level 2. HP: 27/27 MP: 1/1
   339 | D:1      | Reached XP level 3. HP: 34/34 MP: 2/2
   737 | D:2      | Reached ** piety under Trog
   928 | D:2      | Found a bloodstained altar of Trog.
  1116 | D:2      | Reached skill level 5 in Fighting
  1116 | D:2      | Reached skill level 5 in Long Blades
  1116 | D:2      | Reached XP level 4. HP: 42/42 MP: 3/3
  1133 | D:2      | Found a blossoming altar of Fedhas.
  1413 | D:3      | Found a white marble altar of Elyvilon.
  1465 | D:3      | Noticed Jessica
  1466 | D:3      | Killed Jessica
  1734 | D:3      | Reached XP level 5. HP: 44/48 MP: 4/4
  1972 | D:4      | Noticed an ogre
  1980 | D:4      | Killed an ogre
  1980 | D:4      | Reached XP level 6. HP: 38/57 MP: 5/5
  2112 | D:4      | Reached *** piety under Trog
  2527 | D:4      | Noticed Blork the orc
  2538 | D:4      | Killed Blork the orc
  2641 | D:4      | Found a deep blue altar of Sif Muna.
  2682 | D:5      | Entered Level 5 of the Dungeon
  2685 | D:5      | Found a glowing silver altar of Zin.
  2779 | D:5      | Reached XP level 7. HP: 66/66 MP: 6/6
  3123 | D:5      | Found a hide-covered altar of Uskayaw.
  3617 | D:6      | Received a gift from Trog
  3951 | D:6      | Found Etue's Book Shop.
  3970 | D:6      | Found Ycowky's Jewellery Boutique.
  3978 | D:6      | Bought a cursed ring of see invisible for 180 gold pieces
  4018 | D:6      | Got a polished scale mail
  4065 | D:6      | Identified the cursed +0 scale mail of Card Tricks {rPois rN+ MR++} (You found it on level 6 of the Dungeon)
  4133 | D:6      | Found Ahadotz's Gadget Shop.
  4244 | D:6      | Found Toon's Jewellery Shop.
  4377 | D:6      | Found a staircase to the Ecumenical Temple.
  4548 | D:7      | Reached XP level 8. HP: 73/75 MP: 7/7
  4886 | D:8      | Noticed Maurice
  4901 | D:8      | Killed Maurice
  4994 | D:8      | Noticed a death yak
  5011 | D:8      | Killed a death yak
  5011 | D:8      | Reached skill level 10 in Fighting
  5011 | D:8      | Reached skill level 10 in Long Blades
  5011 | D:8      | Reached XP level 9. HP: 17/86 MP: 8/8
  5324 | D:8      | Found a radiant altar of Vehumet.
  5337 | D:8      | Got a shimmering whip
  5338 | D:8      | Identified the +4 whip of True Grit {protect, +Blink} (You found it on level 8 of the Dungeon)
  5455 | D:8      | Found a glowing silver altar of Zin.
  5517 | D:8      | Noticed a death yak
  5521 | D:8      | Noticed a death yak
  5700 | D:7      | Reached **** piety under Trog
  6257 | D:8      | Killed a death yak
  6267 | D:8      | Killed a death yak
  6267 | D:8      | Reached XP level 10. HP: 71/99 MP: 9/9
  6478 | D:8      | Found a staircase to the Lair.
  6530 | D:8      | Noticed a two-headed ogre
  6543 | D:8      | Killed a two-headed ogre
  7045 | D:8      | Found a shadowy altar of Dithmenos.
  7143 | D:9      | Noticed a two-headed ogre
  7155 | D:9      | Killed a two-headed ogre
  7493 | D:9      | Noticed a two-headed ogre
  7504 | D:9      | HP: 4/151 [two-headed ogre/giant spiked club (23)]
  7506 | D:9      | Killed a two-headed ogre
  7507 | D:9      | Noticed Gastronok
  7983 | D:9      | Found a stormy altar of Qazlal.
  8366 | D:9      | Noticed Erica
  8388 | D:9      | Killed Gastronok
  8388 | D:9      | Reached XP level 11. HP: 56/110 MP: 10/10
  8400 | D:9      | Killed Erica
  8798 | D:9      | Found a hazy altar of Hepliaklqana.
  8799 | D:9      | Noticed Psyche
  8807 | D:9      | Killed Psyche
  8829 | D:9      | Reached ***** piety under Trog
  9151 | D:10     | Entered Level 10 of the Dungeon
  9386 | D:10     | Noticed a centaur warrior
  9386 | D:10     | Noticed a wizard
  9410 | D:10     | Killed a centaur warrior
  9412 | D:10     | Noticed a deep elf mage
  9413 | D:10     | Reached skill level 15 in Fighting
  9413 | D:10     | Reached skill level 15 in Long Blades
  9416 | D:10     | Killed a wizard
  9423 | D:10     | Noticed a centaur warrior
  9477 | D:10     | Gained mutation: You occasionally shout uncontrollably at your foes. [potion of mutation]
  9477 | D:10     | Gained mutation: You are partially covered in large bone plates. (SH +4) [potion of mutation]
  9477 | D:10     | Gained mutation: Your mind is acute. (Int +2) [potion of mutation]
  9477 | D:10     | Gained mutation: You evolve. [potion of mutation]
  9885 | D:10     | Noticed a two-headed ogre
  9886 | D:10     | Noticed a two-headed ogre
  9902 | D:10     | Killed a two-headed ogre
  9906 | D:10     | Killed a two-headed ogre
 10098 | D:10     | Noticed a two-headed ogre
 10107 | D:10     | Killed a two-headed ogre
 10128 | D:10     | Gained mutation: You expend magic power (3 MP) to strengthen your wands. [evolution]
 10214 | D:10     | Killed a centaur warrior
 10259 | D:10     | Reached XP level 12. HP: 77/122 MP: 11/11
 10726 | D:10     | Found a staircase to the Orcish Mines.
 11455 | D:10     | Noticed Harold
 11467 | D:10     | Killed Harold
 12107 | D:11     | Noticed Nergalle
 12107 | D:11     | Noticed an eight-headed hydra
 12110 | D:11     | Noticed a two-headed ogre
 12121 | D:11     | Killed a five-headed hydra
 12126 | D:11     | Killed a two-headed ogre
 12529 | D:11     | Reached ****** piety under Trog
 12582 | D:12     | Received a gift from Trog
 12677 | D:12     | Received a gift from Trog
 12959 | D:12     | Reached skill level 5 in Armour
 13068 | D:12     | Reached skill level 5 in Dodging
 13716 | D:13     | Noticed a centaur warrior
 13722 | D:13     | Killed a centaur warrior
 13769 | D:13     | Reached XP level 13. HP: 113/132 MP: 12/12
 14015 | D:13     | Received a gift from Trog
 14234 | D:13     | Killed Nergalle
 14897 | D:14     | Found a labyrinth entrance.
 15269 | D:14     | Noticed Agnes
 15275 | D:14     | Lost mutation: You occasionally shout uncontrollably at your foes. [potion of mutation]
 15275 | D:14     | Lost mutation: You are partially covered in large bone plates. (SH +4) [potion of mutation]
 15275 | D:14     | Lost mutation: Your mind is acute. (Int +2) [potion of mutation]
 15275 | D:14     | Lost mutation: You expend magic power (3 MP) to strengthen your wands. [potion of mutation]
 15275 | D:14     | Gained mutation: Your magical capacity is low. (-10% MP) [potion of mutation]
 15275 | D:14     | Gained mutation: Your spells are a little harder to cast, but a little more powerful. [potion of mutation]
 15336 | D:14     | Found a gate to the Vaults.
 15392 | D:14     | Gained mutation: Your muscles are strong. (Str +2) [evolution]
 15552 | D:14     | Killed Agnes
 15989 | D:14     | Found a portal to a secret trove of treasure.
 16022 | D:14     | Received a gift from Trog
 16703 | D:14     | Received a gift from Trog
 16944 | D:14     | Found a shadowy altar of Dithmenos.
 16975 | D:15     | Entered Level 15 of the Dungeon
 16992 | D:15     | Reached XP level 14. HP: 122/144 MP: 11/11
 17253 | D:15     | Found Etaxu's Armour Emporium.
 17894 | D:15     | Gained mutation: You possess an exceptional clarity of mind. [evolution]
 18121 | D:15     | Received a gift from Trog
 18292 | D:15     | Found a staircase to the Depths.
 18591 | Orc:1    | Entered Level 1 of the Orcish Mines
 18719 | Lair:1   | Entered Level 1 of the Lair of Beasts
 18765 | Lair:1   | Noticed Grum
 18768 | Lair:1   | Noticed Fannar
 18796 | Lair:1   | Killed Fannar
 18803 | Lair:1   | Killed Grum
 19947 | Lair:2   | Received a gift from Trog
 20096 | Lair:2   | Gained mutation: You passively map a small area around you. [evolution]
 20120 | Lair:2   | Found a hole to the Spider Nest.
 21631 | Lair:4   | Found a staircase to the Shoals.
 21655 | Lair:4   | Reached XP level 15. HP: 155/155 MP: 12/12
 22703 | Lair:5   | Received a gift from Trog
 23321 | Lair:6   | Entered Level 6 of the Lair of Beasts
 23624 | Lair:6   | Found a staircase to the Slime Pits.
 23625 | Lair:6   | Found a viscous altar of Jiyva.
 23863 | Lair:6   | Found a blossoming altar of Fedhas.
 23913 | Lair:6   | HP: 4/232 [acid (12)]
 24434 | Lair:6   | Reached skill level 10 in Armour
 24469 | Lair:6   | Got a glittering amber ring
 24863 | Lair:6   | Lost mutation: Your magical capacity is low. (-10% MP) [evolution]
 25183 | Lair:6   | Lost mutation: You possess an exceptional clarity of mind. [potion of mutation]
 25183 | Lair:6   | Lost mutation: You passively map a small area around you. [potion of mutation]
 25183 | Lair:6   | Gained mutation: You have supernaturally acute eyesight. (SInv) [potion of mutation]
 25183 | Lair:6   | Gained mutation: You are partially covered in thin metallic scales. (AC +2) [potion of mutation]
 25267 | Lair:6   | Identified the ring "Diaqerho" {rF+ rC+ rN+ Str-3 Int+6} (You found it on level 6 of the Lair of Beasts)
 25459 | D:6      | Bought a +4 ring of protection for 432 gold pieces
 25672 | Orc:1    | Received a gift from Trog
 25723 | Orc:1    | Received a gift from Trog
 25766 | Orc:2    | Entered Level 2 of the Orcish Mines
 25878 | Orc:2    | Reached skill level 10 in Dodging
 26080 | Orc:2    | Noticed Nessos
 26802 | Orc:1    | Killed Nessos
 26916 | Orc:2    | Noticed Donald
 26930 | Orc:2    | Killed Donald
 27225 | Orc:2    | Received a gift from Trog
 27339 | Orc:1    | You fall through a shaft!
 27339 | Orc:2    | Found a staircase to the Elven Halls.
 27946 | Orc:2    | Found Dexzifer's General Store.
 27946 | Orc:2    | Found Zaytzopp's Armour Boutique.
 27948 | Orc:2    | Found Lonnod's Jewellery Shop.
 27950 | Orc:2    | Found Ifeh Bapluig's Antique Armour Emporium.
 28124 | D:15     | Bought the +3 leather armour of the Shining Light {rF+ Slay+5} for 676 gold pieces
 28416 | Elf:1    | Entered Level 1 of the Elven Halls
 28527 | Elf:1    | Reached skill level 1 in Stealth
 28549 | Elf:1    | Found a ruined gateway.
 28573 | Elf:1    | Reached XP level 16. HP: 160/162 MP: 15/15
 28583 | Elf:1    | Received a gift from Trog
 29377 | Elf:1    | Gained mutation: You are partially covered in slimy green scales. (AC +2) [evolution]
 29412 | Elf:1    | Lost mutation: Your spells are a little harder to cast, but a little more powerful. [potion of mutation]
 29412 | Elf:1    | Lost mutation: Your muscles are strong. (Str +2) [potion of mutation]
 29412 | Elf:1    | Gained mutation: You are resistant to electric shocks. (rElec) [potion of mutation]
 29412 | Elf:1    | Gained mutation: You have large cloven feet. [potion of mutation]
 30125 | Elf:2    | Found a runed gate.
 30125 | Elf:2    | Found a runed gate.
 30125 | Elf:2    | Found a runed gate.
 30539 | Elf:2    | HP: 11/243 [poisoned by a glaive of venom]
 30946 | Elf:2    | Received a gift from Trog
 30986 | Elf:2    | Reached skill level 5 in Stealth
 31875 | Elf:3    | Entered Level 3 of the Elven Halls
 32249 | Elf:3    | Noticed an Ice Fiend
 32278 | Elf:3    | Noticed a Brimstone Fiend
 32284 | Elf:3    | Received a gift from Trog
 32284 | Elf:3    | Reached XP level 17. HP: 163/170 MP: 16/16
 32317 | Elf:3    | Noticed a deep elf blademaster
 32317 | Elf:3    | Noticed a deep elf master archer
 32346 | Elf:2    | Killed a deep elf blademaster
 32719 | Elf:3    | Cast into level 3 of the Abyss (a deep elf sorcerer)
 32748 | Abyss:4  | Noticed a lich
 32792 | Abyss:5  | Entered Level 5 of the Abyss
 32911 | Abyss:5  | Noticed a lich
 32931 | Abyss:5  | Killed a lich
 32985 | Abyss:5  | Paralysed by accursed screaming for 2 turns
 32990 | Abyss:5  | Paralysed by accursed screaming for 2 turns
 32991 | Abyss:5  | Killed from afar by a starcursed mass

Vault maps used:
D:1:      dpeg_arrival_houses_and_road, serial_forest,
          infiniplex_forest_clump_curved, infiniplex_forest_corner_2,
          infiniplex_forest_lined_3_way, infiniplex_forest_straight_4,
          infiniplex_forest_lined_4_way, infiniplex_forest_lined_3_way,
          infiniplex_forest_diagonal, infiniplex_forest_end_3
D:2:      cheibrodos_greedy_goblins, lemuel_coloured_pillars_altar,
          lemuel_crystal_altar
D:3:      minmay_wonky_spiral, nicolae_overflow_crystal_walls,
          serial_bayou_pond_e, uniq_jessica
D:4:      tgw_sif, first_ration, serial_aquarium, aquarium_bridge_long_joined,
          aquarium_window_corridor_1, aquarium_window_fake, aquarium_view_2e,
          aquarium_view_2d, kennysheep_nondescript
D:5:      kennysheep_mini, basic_altar
D:6:      minmay_temple_entry_fiery, serial_shops, shop, shop, shop, shop
D:8:      lemuel_round_altar, lemuel_round_altar, kennysheep_mini_moat,
          dpeg_lair_monsters, uniq_maurice
D:9:      old_standard_altar, lemuel_round_altar, grunt_livestock, uniq_erica,
          uniq_gastronok, uniq_psyche
D:10:     lemuel_ice_statue, zombieorc2_lemuel, minivault_28, uniq_harold
D:11:     minmay_item_behind_shaft, uniq_nergalle
D:14:     lightli_vaults_fourway_checkpoint, lab_entry_generic,
          nicolae_trove_entry_free_sample, lemuel_oklob_altar, uniq_agnes
D:15:     grunt_enter_depths_magical_seal, serial_shops, shop, item_on_display_a
Lair:1:   uniq_fannar, uniq_grum
Lair:2:   spider_nest_entry_a, lemuel_another_geyser, lemuel_fruit_tree,
          minmay_lair_oklob_chamber, grunt_megastairs_2
Lair:3:   minivault_11
Lair:4:   minmay_shoals_entry_lonely_mermaid
Lair:5:   zaba_antful_of_joy
Lair:6:   hangedman_lair_in_review, slime_altar_1, tgw_fedhas
Orc:2:    st_orc_rangers, nicolae_volcano_entry_two_sided, uniq_donald,
          uniq_nessos
Elf:1:    portal_desolation_entry_nicolae_slug, hangedman_corner_corridor
Elf:2:    minmay_misc_feat_columns
Elf:3:    minmay_elf_hall_x, nicolae_elf_big_sculpture_1
Abyss:3:  guppyfry_abyss_exit_imp_island, grunt_abyss_rune_forest_and_sorcery
Abyss:4:  grunt_abyss_rune_wretched_hive
Abyss:5:  evilmike_abyss_exit_1, grunt_abyss_rune_wretched_hive,
          evilmike_abyss_exit_12

Skill      XL: |  1  2  3  4  5  6  7  8  9 10 11 12 13 14 15 16 |
---------------+-------------------------------------------------+-----
Fighting       | 4 5 6 7 8 10 12 14 15 17 18 19 20 | 20.1
Long Blades    | 4 5 6 7 8 10 12 14 15 16 18 20 | 20.1
Armour         | 6 8 11 14 | 14.3
Dodging        | 5 7 11 13 | 13.2
Stealth        | 1 6 |  6.7

Action                   |  1- 3 |  4- 6 |  7- 9 | 10-12 | 13-15 | 16-18 || total
-------------------------+-------+-------+-------+-------+-------+-------++-------
Melee: Falchion          |    81 |    40 |   175 |    60 |       |       ||   356
       Headbutt          |    14 |     9 |    38 |   103 |   282 |    70 ||   516
       Scimitar          |       |       |       |   349 |       |       ||   349
       Great sword       |       |       |       |     6 |  1045 |   243 ||  1294
       Hunting sling     |       |       |       |     1 |       |       ||     1
       Triple sword      |       |       |       |       |    25 |       ||    25
 Fire: Hunting sling     |     4 |    54 |    98 |   195 |       |       ||   351
Throw: Javelin           |       |       |       |     6 |       |       ||     6
Invok: Berserk           |       |     1 |     4 |     6 |    11 |     3 ||    25
  Use: Scroll            |     2 |     4 |     2 |     9 |    18 |     2 ||    37
       Potion            |       |       |     1 |     4 |     4 |     3 ||    12
 Stab: Sleeping          |       |       |       |       |       |     5 ||     5
       Distracted        |       |       |       |       |       |     1 ||     1
  Eat: Chunk             |     1 |     4 |    12 |    20 |    51 |    12 ||   100
       Ration            |       |     1 |       |     3 |     2 |     1 ||     7
Armor: Animal skin       |     2 |       |       |       |       |       ||     2
       Chain mail        |    30 |    15 |    17 |   164 |   516 |       ||   742
       Scale mail        |       |       |    33 |     7 |       |       ||    40
       Leather armour    |       |       |       |       |     6 |    82 ||    88
Dodge: Dodged            |    32 |    21 |    69 |   118 |   607 |   165 ||  1012
Block: Other             |       |       |       |    39 |    16 |       ||    55
       Rpst.: Falchion   |     9 |     4 |    17 |     1 |       |       ||    31
       Scimitar          |       |       |       |    18 |       |       ||    18
       Great sword       |       |       |       |     1 |   101 |    36 ||   138
       Triple sword      |       |       |       |       |     3 |       ||     3

Table legend:
 A = Spawn XP
 B = Non-spawn XP
 C = Spawn XP percentage of total XP
 D = Spawn monster count
 E = Non-spawn monster count
 F = Spawn count percentage of total count
 G = Total turns spent on level
                    A         B        C        D         E        F      G
               +---------+---------+-------+---------+---------+-------+---------
         Total |     570 |  222541 |   0.3 |       2 |     820 |   0.2 | 32991
               +---------+---------+-------+---------+---------+-------+---------
           D:1 |       0 |      44 |   0.0 |       0 |      21 |   0.0 |   532
           D:2 |       0 |      93 |   0.0 |       0 |      22 |   0.0 |   775
           D:3 |       0 |      59 |   0.0 |       0 |      11 |   0.0 |   473
           D:4 |       0 |     517 |   0.0 |       0 |      12 |   0.0 |   902
           D:5 |       0 |     161 |   0.0 |       0 |      12 |   0.0 |   788
           D:6 |       0 |     506 |   0.0 |       0 |      15 |   0.0 |  1102
           D:7 |       0 |    1280 |   0.0 |       0 |      27 |   0.0 |  1029
           D:8 |       0 |    4199 |   0.0 |       0 |      12 |   0.0 |  2071
           D:9 |       0 |    7299 |   0.0 |       0 |      24 |   0.0 |  1669
          D:10 |       0 |   11061 |   0.0 |       0 |      68 |   0.0 |  2436
          D:11 |       0 |    5977 |   0.0 |       0 |      31 |   0.0 |  1089
          D:12 |       0 |    5151 |   0.0 |       0 |      33 |   0.0 |  1253
          D:13 |       0 |    9830 |   0.0 |       0 |      49 |   0.0 |  1814
          D:14 |       0 |   16981 |   0.0 |       0 |      48 |   0.0 |  1505
          D:15 |       0 |   22767 |   0.0 |       0 |      57 |   0.0 |  1640
        Lair:1 |       0 |    5821 |   0.0 |       0 |      22 |   0.0 |   788
        Lair:2 |       0 |    6158 |   0.0 |       0 |      24 |   0.0 |  1286
        Lair:3 |       0 |    3395 |   0.0 |       0 |      14 |   0.0 |   833
        Lair:4 |       0 |    3538 |   0.0 |       0 |      15 |   0.0 |   672
        Lair:5 |       0 |   11643 |   0.0 |       0 |      51 |   0.0 |  1116
        Lair:6 |       0 |   16598 |   0.0 |       0 |      41 |   0.0 |  1980
         Orc:1 |       0 |    7774 |   0.0 |       0 |      47 |   0.0 |  1227
         Orc:2 |       0 |    9072 |   0.0 |       0 |      68 |   0.0 |  1436
         Elf:1 |       0 |   20137 |   0.0 |       0 |      35 |   0.0 |  1541
         Elf:2 |       0 |   38124 |   0.0 |       0 |      48 |   0.0 |  2537
         Elf:3 |       0 |   10243 |   0.0 |       0 |       8 |   0.0 |   225
       Abyss:3 |       0 |      48 |   0.0 |       0 |       1 |   0.0 |     9
       Abyss:4 |       0 |     205 |   0.0 |       0 |       1 |   0.0 |    64
       Abyss:5 |     570 |    3860 |  12.9 |       2 |       3 |  40.0 |   199
               +---------+---------+-------+---------+---------+-------+---------
